 Dungeon Crawl Stone Soup version 0.30-a0-4-ga7cffc901d (webtiles) character file.

Game seed: 16281971070779335496

175 siradein the Covered (level 5, -1/43 HPs)
             Began as a Barachi Fighter on Aug 20, 2022.
             Killed from afar by Sigmund (2 damage)
             ... with a puff of flame
             ... on level 4 of the Dungeon.
             The game lasted 00:04:37 (3628 turns).

siradein the Covered (Barachi Fighter)              Turns: 3628, Time: 00:04:38

Health: -1/43      AC:  9    Str: 17    XL:     5   Next: 55%
Magic:  5/5        EV:  9    Int: 10    God:
Gold:   188        SH:  5    Dex: 12    Spells: 4/4 levels left

rFire   . . .      SeeInvis .    a - +0 long sword
rCold   . . .      Faith    .    c - +0 buckler
rNeg    . . .      Spirit   .    b - +0 scale mail
rPois   .          Reflect  .    q - +1 helmet
rElec   .          Harm     .    (no cloak)
rCorr   +          Rampage  .    (no gloves)
Will    .....                    (no boots)
Stlth   ..........               (no amulet)
HPRegen 0.14/turn                s - ring of resist corrosion
MPRegen 0.09/turn                (no ring)

@: slow
A: amphibious, slowness 1, strong legs 1, +LOS
a: Hop


You were on level 4 of the Dungeon.
You visited 1 branch of the dungeon, and saw 4 of its levels.

You collected 188 gold pieces.

Inventory:

Hand Weapons
 a - a +0 long sword (weapon)
Armour
 b - a +0 scale mail (worn)
 c - a +0 buckler (worn)
 q - a +1 helmet (worn)
Jewellery
 s - a ring of resist corrosion (left hand)
Wands
 n - a wand of acid (1)
 o - a wand of polymorph (5)
Scrolls
 j - a scroll of amnesia
 l - a scroll of noise {unknown}
 m - 2 scrolls of teleportation
Potions
 d - a potion of might
 e - 2 potions of curing {unknown}
 i - 3 potions of haste
 p - a potion of ambrosia {unknown}
 r - 2 potions of magic {unknown}


   Skills:
 + Level 4.9 Fighting
 + Level 4.1 Long Blades
 + Level 4.9 Armour
 - Level 4.0 Shields


You had 4 spell levels left.
You didn't know any spells.
Your spell library contained the following spells:

 Spells                   Type           Power      Damage    Failure   Level
 Sandblast                Erth           0%         2d4       83%         1
 Tukima's Dance           Hex            0%         N/A       99%         3
 Passage of Golubria      Tloc           0%         N/A       100%        4
 Yara's Violent Unravell  Hex/Tmut       0%         3d3       100%        5


Dungeon Overview and Level Annotations

Branches:
Dungeon (4/15)
 Temple: D:4-7

Altars:

Annotations:
D:4 Sigmund


Innate Abilities, Weirdness & Mutations

You are amphibious.
You cover ground slowly.
You can hop short distances.
You have an extended range of vision and can be seen from far away.


Message History

You closely miss Sigmund.
Sigmund is severely wounded.
The goblin hits you but does no damage. Sigmund hits you with a +0 scythe.
The goblin hits you but does no damage.
You bump into the rock wall.
The goblin hits you with a +0 club.
You bump into the rock wall.
Sigmund hits you but does no damage. The goblin barely misses you.
You bump into the rock wall.
The goblin misses you.
Sigmund points at you and mumbles some strange words.
The magic dart hits you.
You barely miss Sigmund.
Sigmund is severely wounded.
The goblin barely misses you. Sigmund hits you but does no damage.
Sigmund attacks as you move away! Sigmund hits you with a +0 scythe!
* * * LOW HITPOINT WARNING * * *
You feel less confused.
Sigmund casts a spell.
Sigmund flickers and vanishes!
Deactivating autopickup; reactivate with Ctrl-A.
The goblin hits you but does no damage. The goblin closely misses you.
You hear some strange, mumbled words.
A magic dart appears from out of thin air!
The magic dart hits you.
* * * LOW HITPOINT WARNING * * *
Something hits you.
* * * LOW HITPOINT WARNING * * *
The goblin hits you but does no damage. Something hits you but does no damage.
The goblin hits you but does no damage.
You barely miss something. The goblin closely misses you.
Something hits you but does no damage.
You barely miss something. The goblin hits you but does no damage.
Something hits you but does no damage.
You slash something! The goblin hits you with a +0 club.
* * * LOW HITPOINT WARNING * * *
You barely miss something. The goblin hits you but does no damage.
You hear some strange, mumbled words.
A puff of flame appears from out of thin air!
The puff of flame hits you.
You die...

....... ## ...... ...
....########.#
.............
#........# #........#..
#..)........
###.#.###...
#....@.##.# ####
...#####...#{g##.##....
#@.......#.........###.
#........#.##..##..#..
#..$.....#...........#
#........#..##....##..
#......###.......###..#
#......# ##............
#......#
####..#.####.###.


You could see a goblin.

Vanquished Creatures
  Terence (D:3)
  An orc wizard (D:3)
  3 adders
  2 worms (D:2)
  2 dart slugs
  7 orcs
  8 bats
  8 endoplasms
  3 giant cockroaches
  6 goblins
  2 hobgoblins
  9 jackals
  7 kobolds
  2 quokkas
  6 ball pythons
  3 frilled lizards
  6 rats
76 creatures vanquished.

Notes
Turn   | Place    | Note
-------+----------+-------------------------------------------
     0 | D:1      | siradein the Barachi Fighter began the quest for the Orb.
     0 | D:1      | Reached XP level 1. HP: 18/18 MP: 1/1
   188 | D:1      | Reached XP level 2. HP: 25/25 MP: 2/2
   424 | D:1      | Found a faded altar of an unknown god.
   433 | D:1      | Got Plato's Almanac of Grit
   522 | D:1      | Reached XP level 3. HP: 18/21 MP: 3/3
  1316 | D:2      | Reached XP level 4. HP: 28/32 MP: 4/4
  2526 | D:3      | Reached XP level 5. HP: 43/43 MP: 5/5
  2568 | D:3      | Noticed Terence
  2578 | D:3      | Killed Terence
  3589 | D:4      | Noticed Sigmund
  3623 | D:4      | HP: 1/43 [something (6)]
  3628 | D:4      | Killed from afar by Sigmund

Illustrated notes

Levels and vault maps discovered:
D:1:      doesnt_arrival_eight_statues, layout_basic,
          shapermc_ecumenical_altar_rom_forum
D:2:      layout_basic
D:3:      layout_basic, minmay_box_of_dots, uniq_terence
D:4:      layout_basic, serial_bayou_pond_d, minmay_crystal_room, uniq_sigmund

Skill      XL: |  1  2  3  4  5 |
---------------+----------------+-----
Fighting       | 4 |  4.9
Armour         | 4 |  4.9
Long Blades    | 3 4 |  4.1
Shields        | 4 |  4.0

Action                   |  1- 3 |  4- 6 || total
-------------------------+-------+-------++-------
Melee: Long sword        |   119 |   181 ||   300
  Use: Scroll            |       |     5 ||     5
Armor: Scale mail        |    68 |    97 ||   165
Dodge: Dodged            |    73 |    74 ||   147
Block: Buckler           |    30 |    39 ||    69

Table legend: (Time is in decaauts)
 A = Elapsed time spent in this place.
 B = Non-inter-level travel time spent in this place.
 C = Inter-level travel time spent in this place.
 D = Time resting spent in this place.
 E = Time spent auto-exploring this place.
 F = Levels seen in this place.
 G = Mean time per level.
                   A        B        C        D        E       F      G
               +--------+--------+--------+--------+--------+-----+--------+
         Total |   4087 |   3992 |     95 |      6 |   3300 |   4 | 1021.8 |
       Dungeon |   4087 |   3992 |     95 |      6 |   3300 |   4 | 1021.8 |
               +--------+--------+--------+--------+--------+-----+--------+

Top non-repeatable levels by time:
     D:3: 1505 daAuts
     D:2: 1406 daAuts
     D:1: 1063 daAuts
     D:4: 111 daAuts
